[Event "Titled Tuesday Blitz March 14 Late 2023"]
[White "Reprintsev, Alexander"]
[Black "Xu, Yi"]
[WhiteFideId "14100541"]
[BlackFideId "8605564"]
[WhiteElo "2229"]
[BlackElo "2471"]
[Result "0-1"]
[Round "07"]
[TimeControl "180+2"]
[Date "2023.03.14"]
[WhiteClock "0:00:10"]
[BlackClock "0:00:06"]

1. e4 c5 2. b3 Nf6 3. e5 Nd5 4. Nc3 Nxc3 5. dxc3 Nc6 6. Nf3 g6 7. Bc4 Bg7 8. O-O O-O 9. Bf4 a6 10. a4 b6 11. Qd2 Bb7 12. Rad1 Na5 13. Qxd7 Bxf3 14. gxf3 Nxc4 15. bxc4 e6 16. Bg3 Qg5 17. f4 Qf5 18. Qd3 Qh3 19. Qf3 h5 20. Qg2 Qf5 21. Rd3 h4 22. Bxh4 Qxf4 23. Bg3 Qxc4 24. Qc6 b5 25. axb5 axb5 26. Rfd1 Rab8 27. Kg2 Rbc8 28. Qf3 b4 29. Qf4 Qxf4 30. Bxf4 c4 31. Rd4 b3 32. Rb1 bxc2 33. Rc1 Rc5 34. Re4 Rd8 35. Rxc2 Rd3 36. Bg3 g5 37. h3 Kh7 38. Kf1 Kg6 39. Ke2 Kf5 40. Rxc4 Rdd5 41. Rxc5 Rxc5 42. Kd3 Bxe5 43. Bxe5 Kxe5 44. c4 Rc8 45. Ra2 f5 46. Ra6 g4 47. hxg4 fxg4 48. Ra5+ Kf4 49. c5 Kf3 50. Kd4 Kxf2 51. Ra2+ Kf3 52. Ra3+ Kf4 53. Ra1 g3 54. Rf1+ Kg4 55. Rf6 g2 56. Rg6+ Kf3 57. Rf6+ Ke2 58. Rxe6+ Kf2 59. Rf6+ Kg1 60. Kd5 Rg8 61. c6 Kh2 62. Rh6+ Kg3 63. c7 g1=Q 64. Rc6 Qg2+ 65. Kc5 Qc2+ 66. Kb6 Qb3+ 67. Ka7 Rc8 68. Ka6 Qa4+ 69. Kb7 Qa8+ 70. Kb6 Kf4 71. Rf6+ Ke5 72. Rh6 Kd5 73. Rh5+ Ke6 74. Rh6+ Kf7 75. Rh7+ Kg6 76. Rd7 Re8 77. Rd6+ Kf7 78. Rc6 Re6 79. c8=Q Qxc8 0-1


[Site "https://www.chess.com"]

[Event "Titled Tuesday Blitz March 14 Late 2023"]
[White "Harvey, Marcus R"]
[Black "Almeida Quintana, Omar"]
[WhiteFideId "400092"]
[BlackFideId "3503313"]
[WhiteElo "2457"]
[BlackElo "2530"]
[Result "0-1"]
[Round "07"]
[TimeControl "180+2"]
[Date "2023.03.14"]
[WhiteClock "0:00:51"]
[BlackClock "0:01:08"]

1. c4 g6 2. g3 Bg7 3. Bg2 c5 4. Nc3 Nc6 5. Nf3 Nf6 6. O-O d6 7. d4 cxd4 8. Nxd4 Bd7 9. Nc2 O-O 10. Qd2 a6 11. b3 Rb8 12. Bb2 b5 13. cxb5 axb5 14. Rfd1 Re8 15. Ne3 Ne5 16. Ncd5 Nxd5 17. Bxd5 e6 18. Bg2 d5 19. f4 Nc6 20. Bxg7 Kxg7 21. Rac1 b4 22. h4 h5 23. Kh2 Qf6 24. Bf3 Red8 25. Rc5 Be8 26. Nc2 Qe7 27. Rxc6 Bxc6 28. Nd4 Be8 29. Qe3 Qf6 30. Bg2 Rdc8 31. Nf3 Rc2 32. Qa7 Rbc8 33. Nd4 R2c7 34. Qb6 Qe7 35. Rd3 Qc5 36. Qa6 Ra7 37. Nxe6+ fxe6 38. Qxe6 Re7 39. Qa6 Bb5 0-1


[Site "https://www.chess.com"]

[Event "Titled Tuesday Blitz March 14 Late 2023"]
[White "Romkachess"]
[Black "Tanenbaum, Zachary"]
[BlackFideId "2060850"]
[WhiteElo "2567"]
[BlackElo "2175"]
[Result "0-1"]
[Round "07"]
[TimeControl "180+2"]
[Date "2023.03.14"]
[WhiteClock "0:00:08"]
[BlackClock "0:01:17"]

1. e4 e5 2. d4 Nc6 3. dxe5 Nxe5 4. Nf3 Nxf3+ 5. Qxf3 d6 6. Bc4 Nf6 7. Nc3 Be7 8. Bg5 O-O 9. O-O-O Bg4 10. Qd3 Bxd1 11. Rxd1 Ng4 12. Bxe7 Qxe7 13. Qe2 Ne5 14. Bb3 c6 15. f4 Nd7 16. g3 Nc5 17. Bc4 b5 18. Bd3 b4 19. Nb1 Rfe8 20. Nd2 a5 21. h4 a4 22. h5 a3 23. h6 Qf6 24. Nc4 axb2+ 25. Kb1 Rxa2 26. e5 Rea8 27. c3 b3 28. exf6 Ra1+ 29. Kxb2 R8a2# 0-1


[Site "https://www.chess.com"]

[Event "Titled Tuesday Blitz March 14 Late 2023"]
[White "Atakhan, Abtin"]
[Black "Karttunen, Mika"]
[WhiteFideId "22502203"]
[BlackFideId "502081"]
[WhiteElo "2008"]
[BlackElo "2396"]
[Result "1/2-1/2"]
[Round "07"]
[TimeControl "180+2"]
[Date "2023.03.14"]
[WhiteClock "0:01:00"]
[BlackClock "0:00:16"]

1. c4 e5 2. Nc3 Nf6 3. Nf3 d6 4. d4 Nbd7 5. e4 g6 6. Be2 Bg7 7. O-O O-O 8. Be3 Ng4 9. Bg5 f6 10. Bc1 c6 11. Rb1 Nh6 12. b4 Nf7 13. c5 dxc5 14. dxc5 Qe7 15. Bc4 Rd8 16. Be3 Nf8 17. Qe2 Bg4 18. Rfd1 Ne6 19. h3 Nd4 20. Bxd4 Bxf3 21. Qxf3 exd4 22. Ne2 Kh8 23. Bxf7 Qxf7 24. Qb3 Qxb3 25. Rxb3 f5 26. exf5 gxf5 27. Rbd3 a5 28. Nxd4 axb4 29. Nxf5 Rxd3 30. Rxd3 Bf8 31. Rd7 Rxa2 32. Rxb7 Ra1+ 33. Kh2 Rb1 34. Rb8 Kg8 35. Ne7+ Kf7 36. Nxc6 Bxc5 37. Rb7+ Kg6 38. Ne5+ Kf5 39. Nd3 Bd6+ 40. g3 Rb3 41. Nxb4 Rxb4 42. Rxh7 Rb2 43. Kg2 Kg6 44. Rh4 Kg5 45. Rd4 Be5 46. Rd5 Kf6 47. g4 Bc7 48. h4 Rb4 49. Rf5+ Ke6 50. Kh3 Rf4 51. Rxf4 Bxf4 52. Kg2 Ke5 53. Kf3 Bc1 54. Kg3 Bf4+ 55. Kh3 Bc1 56. f3 Kf4 57. Kg2 Bd2 58. g5 Kf5 59. Kg3 Bf4+ 60. Kf2 Bd2 61. Ke2 Bf4 62. Kf2 Bd2 63. Kg3 Bf4+ 64. Kg2 Bd2 65. Kf1 Bf4 66. Kf2 1/2-1/2


[Site "https://www.chess.com"]

[Event "Titled Tuesday Blitz March 14 Late 2023"]
[White "Janaszak, Dawid"]
[Black "Avila Pavas, Santiago"]
[WhiteFideId "1119206"]
[BlackFideId "4437128"]
[WhiteElo "2220"]
[BlackElo "2365"]
[Result "0-1"]
[Round "07"]
[TimeControl "180+2"]
[Date "2023.03.14"]
[WhiteClock "0:00:01"]
[BlackClock "0:00:10"]

1. d4 Nf6 2. Bf4 d5 3. e3 e6 4. Nf3 Bd6 5. Bg3 c5 6. c3 Qc7 7. Nbd2 Nbd7 8. Bb5 O-O 9. Qe2 e5 10. dxe5 Nxe5 11. Nxe5 Bxe5 12. f4 Bd6 13. Bh4 Be7 14. Bd3 Qb6 15. O-O-O Re8 16. Rhg1 Ng4 17. Bb5 Bf5 18. Bxe8 Rxe8 19. Bf2 Qa5 20. a3 c4 21. e4 dxe4 22. Bd4 b5 23. Nf1 e3 24. Nxe3 Bxa3 25. bxa3 Nxe3 26. Rde1 Re6 27. Qb2 Nc2 28. Rxe6 fxe6 29. g4 Bd3 30. Rd1 a6 31. Rd2 Qc7 32. Rxc2 Qxf4+ 33. Rd2 Qxg4 34. Qb4 e5 35. Be3 Qf3 36. Qc5 h6 37. Bf2 Qh1+ 38. Bg1 Qf3 39. Qf2 Qd5 40. Kb2 a5 41. Qc5 Qh1 42. Qc8+ Kh7 43. Qd7 Qxg1 44. Qd5 Qb1# 0-1


[Site "https://www.chess.com"]

[Event "Titled Tuesday Blitz March 14 Late 2023"]
[White "Bilych, Olexiy"]
[Black "Quinones Garcia, Santiago"]
[WhiteFideId "14156504"]
[BlackFideId "4408497"]
[WhiteElo "2320"]
[BlackElo "2263"]
[Result "0-1"]
[Round "07"]
[TimeControl "180+2"]
[Date "2023.03.14"]
[WhiteClock "0:01:01"]
[BlackClock "0:01:13"]

1. d4 Nf6 2. c4 g6 3. Nc3 d5 4. Bf4 Bg7 5. e3 O-O 6. Rc1 c5 7. dxc5 Qa5 8. Nf3 Ne4 9. Be5 Bxe5 10. Nxe5 Nxc3 11. Rxc3 Qxa2 12. cxd5 Qxb2 13. Qc1 Qxc1+ 14. Rxc1 Bf5 15. f3 f6 16. Nc4 Rc8 17. e4 Rxc5 18. exf5 b5 19. Kd2 bxc4 20. Bxc4 Nd7 21. d6+ Kf8 22. dxe7+ Kxe7 23. Rhe1+ Kf8 24. Be6 Rd8 25. Ke3 Re5+ 26. Kf2 Rxe1 27. Rxe1 Nc5 28. fxg6 Nd3+ 29. Ke2 Nxe1 30. gxh7 Kg7 31. Bf5 Nxg2 32. Kf2 Nh4 33. Be4 Ng6 34. Bc6 Kxh7 35. Kg3 a5 36. Be4 Kg7 37. h4 a4 38. h5 Ne5 39. Bb1 a3 40. Ba2 Rd2 41. Be6 a2 42. Bxa2 Rxa2 43. f4 Ra3+ 44. Kh4 Ra4 45. Kg3 Nd3 46. Kh4 Rxf4+ 47. Kg3 Rf5 48. Kh4 Rg5 49. Kh3 f5 50. Kh4 Kh6 51. Kh3 f4 52. Kh4 f3 53. Kh3 f2 54. Kh4 Ne5 55. Kh3 f1=Q+ 56. Kh4 Qh1# 0-1


[Site "https://www.chess.com"]

[Event "Titled Tuesday Blitz March 14 Late 2023"]
[White "Manukian, Artak"]
[Black "Diaz Perez, Michel Alejandro"]
[WhiteFideId "13301373"]
[BlackFideId "3517179"]
[WhiteElo "2130"]
[BlackElo "2333"]
[Result "0-1"]
[Round "07"]
[TimeControl "180+2"]
[Date "2023.03.14"]
[WhiteClock "0:01:58"]
[BlackClock "0:00:50"]

1. e4 d5 2. exd5 Nf6 3. Nc3 Nxd5 4. Bc4 c6 5. Qf3 e6 6. d4 Nd7 7. Nge2 N7b6 8. Bb3 Be7 9. h4 a5 10. a3 Bxh4 11. Qe4 Bf6 12. Rxh7 Rxh7 13. Qxh7 Bd7 14. Ne4 a4 15. Ba2 Qe7 16. Qg8+ Qf8 17. Nd6+ Ke7 18. Qxf8+ Rxf8 19. Nxb7 Rh8 20. Ng1 Rh1 21. Kf1 c5 22. Nxc5 Bb5+ 23. Nd3 Nc4 24. Bxc4 Bxc4 25. Be3 e5 26. dxe5 Bxe5 27. Rb1 Bh2 28. f3 Nxe3+ 0-1


[Site "https://www.chess.com"]

[Event "Titled Tuesday Blitz March 14 Late 2023"]
[White "Fiorito, Francisco"]
[Black "Deviprasath, Sharvesh"]
[WhiteFideId "180165"]
[BlackFideId "30938228"]
[WhiteElo "2341"]
[BlackElo "2168"]
[Result "1-0"]
[Round "07"]
[TimeControl "180+2"]
[Date "2023.03.14"]
[WhiteClock "0:00:14"]
[BlackClock "0:00:01"]

1. e4 c5 2. d3 g6 3. g3 Bg7 4. Bg2 Nc6 5. f4 d6 6. Nf3 e5 7. O-O Nge7 8. Nc3 O-O 9. f5 gxf5 10. Nh4 fxe4 11. dxe4 Nd4 12. Bg5 f6 13. Be3 Be6 14. Nd5 Ng6 15. Nf5 Bxd5 16. Nxg7 Kxg7 17. exd5 f5 18. c3 f4 19. gxf4 Nf5 20. Bd2 Nxf4 21. Bxf4 exf4 22. Qg4+ Kh8 23. Qxf4 Qf6 24. Kh1 Rae8 25. Rae1 Rxe1 26. Rxe1 Ng7 27. Qg3 Nh5 28. Qg4 Nf4 29. Rf1 Qe5 30. Qg3 h5 31. h4 Kh7 32. Re1 Qf6 33. Be4+ Kh8 34. Bf3 Rg8 35. Qh2 Qf5 36. Rf1 Qe5 37. Rd1 a5 38. a4 Qf5 39. Rg1 Rxg1+ 40. Kxg1 Qb1+ 41. Kf2 Qxb2+ 42. Kg3 Qxh2+ 43. Kxh2 Kg7 44. Kg3 Nd3 45. Bxh5 Nb2 46. Be8 Nd1 47. c4 Nb2 48. Bb5 Kf6 49. Kf4 Nd3+ 50. Ke4 Ne5 51. Kf4 Kg6 52. Be8+ Kh6 53. Bb5 Kh5 54. Kg3 Kg6 55. Be8+ Kh6 56. Bb5 b6 57. Kf4 Nd3+ 58. Kf5 Ne5 59. Ke6 Nd3 60. Kxd6 1-0


[Site "https://www.chess.com"]

[Event "Titled Tuesday Blitz March 14 Late 2023"]
[White "Vlassov, Nikolai"]
[Black "Trakru, Rohun"]
[WhiteFideId "4103360"]
[BlackFideId "2097613"]
[WhiteElo "2324"]
[BlackElo "1852"]
[Result "1-0"]
[Round "07"]
[TimeControl "180+2"]
[Date "2023.03.14"]
[WhiteClock "0:00:15"]
[BlackClock "0:00:03"]

1. e4 c6 2. d4 d5 3. e5 c5 4. dxc5 e6 5. Qg4 Nc6 6. Nf3 g6 7. Be3 h5 8. Qg3 Nh6 9. Bd3 Nf5 10. Bxf5 gxf5 11. O-O Ne7 12. Bg5 Qc7 13. b4 Ng6 14. Nc3 Bg7 15. Nb5 Qd7 16. Nd6+ Kf8 17. Bf6 f4 18. Qh3 Bxf6 19. exf6 e5 20. Qxd7 Bxd7 21. Ng5 Be8 22. Rfd1 d4 23. b5 h4 24. a4 Rh5 25. Nge4 h3 26. g3 Rb8 27. Ra3 Bd7 28. c3 Bg4 29. Rc1 d3 30. c4 Be2 31. c6 bxc6 32. bxc6 Nh4 33. c7 Ra8 34. c8=Q+ Rxc8 35. Nxc8 Bf3 36. Ncd6 Bg2 37. Rxd3 Nf3+ 38. Rxf3 Bxf3 39. c5 fxg3 40. fxg3 1-0


[Site "https://www.chess.com"]

[Event "Titled Tuesday Blitz March 14 Late 2023"]
[White "Domingo Nunez, Ruben"]
[Black "Dzierzak, Radoslaw"]
[WhiteFideId "22245570"]
[BlackFideId "1161407"]
[WhiteElo "2404"]
[BlackElo "2166"]
[Result "1-0"]
[Round "07"]
[TimeControl "180+2"]
[Date "2023.03.14"]
[WhiteClock "0:00:03"]
[BlackClock "0:00:02"]

1. b3 e5 2. Bb2 Nc6 3. e3 a6 4. Nf3 e4 5. Ne5 Nxe5 6. Bxe5 d6 7. Bb2 Qg5 8. d3 Bf5 9. h4 Qg6 10. Nc3 Nf6 11. dxe4 Nxe4 12. Nd5 O-O-O 13. Nf4 Qh6 14. g4 g5 15. Qd5 Bxg4 16. Qxe4 Bg7 17. Nd3 f5 18. Qd5 Bxb2 19. Nxb2 Qf6 20. Qd4 Qxd4 21. exd4 Bf3 22. Rg1 Rde8+ 23. Kd2 gxh4 24. Re1 Rxe1 25. Kxe1 Re8+ 26. Kd2 h3 27. Bxh3 Re2+ 28. Kc3 Be4 29. Rg8+ Kd7 30. Rg7+ Kc6 31. Nd3 a5 32. Bg2 b5 33. d5+ Kb6 34. Re7 b4+ 35. Kd4 Bxd3 36. Rxh7 Bxc2 37. Rh8 Be4 38. Bh3 Rd2+ 39. Ke3 Rd3+ 40. Kf4 Rf3+ 41. Kg5 Rxf2 42. Kf6 Rxa2 43. Ke7 Rd2 44. Kd7 Rxd5 45. Rb8+ Kc5 46. Bf1 Kd4 47. Kxc7 Rc5+ 48. Kxd6 Rc3 49. Bc4 Ke3 50. Rf8 f4 51. Re8 f3 52. Bd5 Rd3 53. Rxe4+ Kd2 54. Rf4 Ke2 55. Kc5 f2 56. Bc4 Ke3 57. Rxf2 Kxf2 58. Bxd3 Ke3 59. Bc4 1-0


[Site "https://www.chess.com"]

[Event "Titled Tuesday Blitz March 14 Late 2023"]
[White "Arabidze, Meri"]
[Black "Dinu, Dumitru-Daniel"]
[WhiteFideId "13604040"]
[BlackFideId "1208403"]
[WhiteElo "2405"]
[BlackElo "2240"]
[Result "1-0"]
[Round "07"]
[TimeControl "180+2"]
[Date "2023.03.14"]
[WhiteClock "0:00:30"]
[BlackClock "0:00:05"]

1. d4 Nf6 2. Nf3 e6 3. c4 Bb4+ 4. Bd2 a5 5. g3 b6 6. Bg2 Bb7 7. O-O O-O 8. Bf4 Be7 9. Re1 Ne4 10. Qc2 f5 11. Nfd2 Nc6 12. Nxe4 Nb4 13. Qc3 Bxe4 14. Bxe4 fxe4 15. Nd2 d5 16. a3 Na6 17. f3 exf3 18. exf3 Bd6 19. Be5 Qd7 20. cxd5 exd5 21. f4 Rae8 22. Nf3 Nb8 23. Rac1 Qf5 24. Qb3 Qf7 25. Ng5 Qh5 26. Qxd5+ Kh8 27. Bxd6 Rxe1+ 28. Rxe1 cxd6 29. Nf7+ Kg8 30. Qxh5 1-0


[Site "https://www.chess.com"]

[Event "Titled Tuesday Blitz March 14 Late 2023"]
[White "Tica, Sven"]
[Black "Mazurkiewicz, Michal"]
[WhiteFideId "14526948"]
[BlackFideId "1124943"]
[WhiteElo "2348"]
[BlackElo "2054"]
[Result "1-0"]
[Round "07"]
[TimeControl "180+2"]
[Date "2023.03.14"]
[WhiteClock "0:00:23"]
[BlackClock "0:00:07"]

1. e4 d6 2. d4 Nf6 3. f3 e5 4. d5 c6 5. c4 Be7 6. Nc3 O-O 7. Be3 cxd5 8. cxd5 Nh5 9. Nge2 a6 10. g3 Nd7 11. Bg2 b5 12. a3 Nb6 13. Bf2 Bg5 14. O-O Nc4 15. h4 Bh6 16. g4 Ne3 17. Qd3 Nxf1 18. g5 Bxg5 19. hxg5 Qxg5 20. Kxf1 f5 21. exf5 Bxf5 22. Ne4 Qg6 23. Rc1 Nf6 24. N2g3 Nxe4 25. fxe4 Bg4 26. Kg1 Rac8 27. Rc6 Bd7 28. Qc2 Bxc6 29. dxc6 Qe6 30. Nf5 g6 31. Ne3 Rf7 32. Nd5 Rcf8 33. c7 Rxf2 34. Qxf2 Rxf2 35. Kxf2 Kg7 36. Kg3 g5 37. Bh3 Qh6 38. c8=Q Qh4+ 39. Kg2 Qxe4+ 40. Kf2 Qxd5 41. Be6 Qd4+ 42. Ke2 Qe4+ 43. Kd2 Qd4+ 44. Kc2 Qc5+ 45. Kd3 Qxc8 46. Bxc8 Kf6 47. Bxa6 d5 48. Bxb5 e4+ 49. Kd4 g4 50. a4 g3 51. Bf1 h5 52. a5 h4 53. a6 h3 54. Bxh3 Kg5 55. a7 Kf4 56. a8=Q e3 57. Qxd5 e2 58. Qe5+ Kf3 59. Qe3# 1-0


[Site "https://www.chess.com"]

[Event "Titled Tuesday Blitz March 14 Late 2023"]
[White "Mendonca, Leon Luke"]
[Black "Postma, Dinant"]
[WhiteFideId "35028561"]
[BlackFideId "1018612"]
[WhiteElo "2464"]
[BlackElo "2522"]
[Result "1-0"]
[Round "07"]
[TimeControl "180+2"]
[Date "2023.03.14"]
[WhiteClock "0:02:23"]
[BlackClock "0:01:18"]

1. e4 c6 2. Nf3 d5 3. Nc3 dxe4 4. Nxe4 Nf6 5. Qe2 Nxe4 6. Qxe4 Nd7 7. d4 Nf6 8. Qd3 g6 9. Be2 Bg7 10. O-O O-O 11. c4 Bg4 12. Be3 Bxf3 13. Bxf3 Qd7 14. Rfd1 Rfd8 15. Qb3 e6 16. g3 Rab8 17. Rac1 Qe7 18. Bf4 Rbc8 19. Rd2 h6 20. Rcd1 g5 21. Be3 Nd7 22. Qxb7 1-0


[Site "https://www.chess.com"]

[Event "Titled Tuesday Blitz March 14 Late 2023"]
[White "Escalona Landi, Samid Eduardo"]
[Black "Petukhov, Dmitry"]
[WhiteFideId "3937437"]
[BlackFideId "4142748"]
[WhiteElo "2207"]
[BlackElo "2311"]
[Result "1-0"]
[Round "07"]
[TimeControl "180+2"]
[Date "2023.03.14"]
[WhiteClock "0:00:24"]
[BlackClock "0:01:35"]

1. e4 c5 2. Nf3 d6 3. d4 cxd4 4. Nxd4 Nf6 5. Nc3 Nc6 6. Bg5 Bd7 7. Qd2 Rc8 8. f4 Nxd4 9. Qxd4 Qa5 10. e5 dxe5 11. fxe5 e6 12. O-O-O Bc6 13. Nb5 Bxb5 14. exf6 Bc6 15. h4 Bc5 16. Qc4 g6 17. h5 gxh5 18. Bd2 Qb6 19. Rxh5 a6 20. Qxc5 Qxc5 21. Rxc5 Rd8 22. Bh6 Rxd1+ 23. Kxd1 Rg8 24. Bg7 Kd7 25. Rh5 Be4 26. Bd3 Bg6 27. Bxg6 hxg6 28. Rh8 Rxh8 29. Bxh8 e5 30. Ke2 Ke6 31. Ke3 Kf5 32. c4 b6 33. b4 Ke6 34. Ke4 Kd6 35. g4 Ke6 36. Bg7 Kd6 37. Bf8+ Ke6 38. g5 a5 39. bxa5 bxa5 40. a4 Kd7 41. Kxe5 Kc6 42. Kd4 Kd7 43. Bc5 Kc6 44. Ba3 Kd7 45. Bc1 Kc6 46. Bd2 Kb6 47. Kd5 Ka6 48. Be3 Kb7 49. Kd6 Ka6 50. Ke7 Kb7 51. Kxf7 Ka6 52. Bd4 Kb7 53. Kxg6 Ka6 54. Kf5 Kb7 55. Ke6 Ka6 56. g6 Kb7 57. g7 Ka6 58. g8=Q Kb7 59. f7 Ka6 60. f8=Q Kb7 61. c5 Kc6 62. Qc8# 1-0


[Site "https://www.chess.com"]

[Event "Titled Tuesday Blitz March 14 Late 2023"]
[White "Yuan, Qingyu"]
[Black "Karas, Marek"]
[WhiteFideId "8609772"]
[BlackFideId "14928558"]
[WhiteElo "2359"]
[BlackElo "2233"]
[Result "1/2-1/2"]
[Round "07"]
[TimeControl "180+2"]
[Date "2023.03.14"]
[WhiteClock "0:00:20"]
[BlackClock "0:01:27"]

1. e4 e6 2. d4 d5 3. Nd2 a6 4. Bd3 c5 5. dxc5 Bxc5 6. Ngf3 Ne7 7. O-O Nbc6 8. c3 Ng6 9. Nb3 Bb6 10. exd5 Qxd5 11. Bxg6 hxg6 12. Qxd5 exd5 13. Re1+ Be6 14. Be3 Bc7 15. Nc5 O-O-O 16. Bd4 Bg4 17. Bxg7 Rh5 18. Bf6 Rg8 19. h4 Bxf3 20. gxf3 Rf5 21. Bg5 Ne5 22. Kg2 f6 23. Be3 Nxf3 24. Rh1 Rh8 25. Ne6 Rxh4 26. Ng7 Rg4+ 27. Kh3 Rh4+ 28. Kg2 Rg4+ 29. Kh3 Rh4+ 30. Kg2 1/2-1/2


[Site "https://www.chess.com"]

[Event "Titled Tuesday Blitz March 14 Late 2023"]
[White "Pakleza, Zbigniew"]
[Black "Sokolin, Leonid"]
[WhiteFideId "1119290"]
[BlackFideId "2009161"]
[WhiteElo "2410"]
[BlackElo "2394"]
[Result "1-0"]
[Round "07"]
[TimeControl "180+2"]
[Date "2023.03.14"]
[WhiteClock "0:00:03"]
[BlackClock "0:00:01"]

1. d4 Nf6 2. Nf3 e6 3. Bf4 c5 4. c3 d5 5. e3 Nc6 6. Nbd2 cxd4 7. cxd4 Qb6 8. Qb3 Qxb3 9. Nxb3 Nh5 10. Be5 f6 11. Bc7 Bb4+ 12. Nfd2 Kd7 13. Bg3 a5 14. a3 Nxg3 15. hxg3 Bd6 16. Rc1 Ke7 17. Nc5 Bxc5 18. Rxc5 Bd7 19. Bd3 h6 20. Ke2 b6 21. Rc3 Kd6 22. Rhc1 Rhc8 23. Ke1 e5 24. dxe5+ fxe5 25. f4 g5 26. Bb5 exf4 27. gxf4 gxf4 28. exf4 Re8+ 29. Kf2 Nd4 30. Bf1 h5 31. Rd3 Ne6 32. Nc4+ Ke7 33. Nxb6 Nxf4 34. Re3+ Be6 35. Nxa8 Rxa8 36. g3 d4 37. Re5 Ng6 38. Rxh5 Rf8+ 39. Kg1 Kd6 40. Rxa5 Ne5 41. Ra6+ Kd7 42. Bb5+ Ke7 43. Ra7+ Kd6 44. Ra6+ Ke7 45. Be2 d3 46. Bd1 Bd5 47. Rc7+ Kd8 48. Rc5 Nf3+ 49. Kf2 Ng5+ 50. Ke3 Re8+ 51. Kd2 1-0


[Site "https://www.chess.com"]

[Event "Titled Tuesday Blitz March 14 Late 2023"]
[White "Sonnenschein, Philipp"]
[Black "Matinian, Nikita"]
[WhiteFideId "16250877"]
[BlackFideId "24129100"]
[WhiteElo "2224"]
[BlackElo "2422"]
[Result "0-1"]
[Round "07"]
[TimeControl "180+2"]
[Date "2023.03.14"]
[WhiteClock "0:00:11"]
[BlackClock "0:00:11"]

1. e4 c5 2. Nf3 e6 3. c3 g5 4. d4 g4 5. Ne5 h5 6. Na3 Nc6 7. Nxc6 bxc6 8. Nc4 d5 9. exd5 cxd5 10. Ne5 Bg7 11. Bb5+ Kf8 12. Bf4 Qb6 13. Be2 Ne7 14. O-O f6 15. dxc5 Qxc5 16. Nd3 Qa5 17. Bd6 Kf7 18. Nf4 Nf5 19. Bb4 Qc7 20. Qd2 Bh6 21. g3 Bb7 22. Bd3 Bxf4 23. gxf4 Nh4 24. Be2 a5 25. Ba3 Rhg8 26. Qd3 Rg7 27. c4 dxc4 28. Qd6 Qxd6 29. Bxd6 Rd8 30. Rfd1 Nf3+ 31. Bxf3 gxf3+ 32. Kh1 Rg2 33. Bc5 Rd3 34. Rg1 h4 35. Be3 Rxe3 36. fxe3 f2 37. Rxg2 h3 38. Rg1 hxg2+ 39. Rxg2 f1=Q# 0-1


[Site "https://www.chess.com"]

[Event "Titled Tuesday Blitz March 14 Late 2023"]
[White "Papasimakopoulos, Alexandros"]
[Black "Womacka, Mathias"]
[WhiteFideId "4244125"]
[BlackFideId "4611390"]
[WhiteElo "2359"]
[BlackElo "2377"]
[Result "1-0"]
[Round "07"]
[TimeControl "180+2"]
[Date "2023.03.14"]
[WhiteClock "0:01:04"]
[BlackClock "0:00:10"]

1. d4 Nf6 2. c4 e6 3. Nc3 Bb4 4. Qb3 c5 5. dxc5 Nc6 6. Nf3 Ne4 7. Bd2 Nxd2 8. Nxd2 Bxc5 9. e3 O-O 10. Be2 b6 11. O-O Bb7 12. Rfd1 Ne5 13. Nce4 Rc8 14. Nxc5 Rxc5 15. f4 Ng6 16. Bf3 Bxf3 17. Nxf3 Qc7 18. Rd2 Rc8 19. Rad1 Nf8 20. Ne5 Rd8 21. Rd4 d5 22. cxd5 Rdxd5 23. Rxd5 exd5 24. Rxd5 Rc1+ 25. Rd1 Rxd1+ 26. Qxd1 Qc5 27. Kf2 Ne6 28. Qd7 Qc2+ 29. Kf3 Qf5 30. Qc8+ 1-0


[Site "https://www.chess.com"]

[Event "Titled Tuesday Blitz March 14 Late 2023"]
[White "Piesik, Piotr"]
[Black "Omelja, Artem"]
[WhiteFideId "1136194"]
[BlackFideId "14119846"]
[WhiteElo "2311"]
[BlackElo "2404"]
[Result "1/2-1/2"]
[Round "07"]
[TimeControl "180+2"]
[Date "2023.03.14"]
[WhiteClock "0:00:15"]
[BlackClock "0:00:09"]

1. Nf3 d5 2. g3 c5 3. Bg2 Nc6 4. O-O e5 5. d3 Nf6 6. Nbd2 Be7 7. e4 d4 8. Nc4 Qc7 9. a4 Be6 10. Ne1 h5 11. h3 O-O-O 12. f4 Bxc4 13. dxc4 h4 14. g4 exf4 15. Bxf4 Bd6 16. Bg5 Rde8 17. Bxf6 gxf6 18. Rxf6 Bh2+ 19. Kh1 Ne5 20. b3 Rhg8 21. Nd3 Bg3 22. Nxe5 Bxe5 23. Rf5 d3 24. Rb1 dxc2 25. Qxc2 Bd4 26. Rbf1 Re7 27. Qd2 Kb8 28. Qh6 Rh8 29. Qf4 Be5 30. Qf3 Rd8 31. Rxf7 Rxf7 32. Qxf7 Qxf7 33. Rxf7 Rd1+ 34. Rf1 Rd3 35. Rf5 Bd4 36. e5 Rxb3 37. e6 Rb1+ 38. Rf1 Rxf1+ 39. Bxf1 Kc7 40. Bg2 Kd6 41. Bd5 Bf6 42. Kg2 Ke5 43. Kf3 Bg5 44. Bxb7 Kxe6 45. Ke4 Bd2 46. Bc8+ Kf6 47. Kd5 Bb4 48. a5 Bxa5 49. Kxc5 Bd2 50. Ba6 Ke5 51. Kc6 Be3 52. c5 Bf2 53. Kb5 Be3 54. Bb7 Bf2 55. Bg2 Be3 56. Bf1 Bf2 57. Bd3 Be3 58. Bc2 Bf2 59. c6 Kd6 60. g5 Bd4 61. Be4 Bg7 62. Ka6 Bd4 63. Kb7 Bb6 64. g6 Ke7 65. c7 Bxc7 66. Kxc7 a5 67. Kc6 a4 68. Kb5 a3 69. Bd5 Kf6 70. Kb4 Kxg6 71. Kxa3 Kg7 72. Kb4 Kh8 73. Kc5 Kg7 74. Kd6 Kh8 75. Ke7 Kg7 76. Ke6 Kh8 77. Kf5 Kg7 78. Kg5 Kh8 79. Kh6 1/2-1/2


[Site "https://www.chess.com"]

[Event "Titled Tuesday Blitz March 14 Late 2023"]
[White "Sanchez Alvares, Kelvin Antonio"]
[Black "Sakun, Volodymyr"]
[WhiteFideId "3906680"]
[BlackFideId "14114062"]
[WhiteElo "2217"]
[BlackElo "2331"]
[Result "0-1"]
[Round "07"]
[TimeControl "180+2"]
[Date "2023.03.14"]
[WhiteClock "0:01:33"]
[BlackClock "0:00:38"]

1. e4 c5 2. Nf3 e6 3. d4 cxd4 4. Nxd4 a6 5. c4 Nf6 6. Nc3 Bb4 7. f3 O-O 8. Nc2 Bxc3+ 9. bxc3 d5 10. Ba3 Re8 11. e5 Nh5 12. g3 Nc6 13. f4 Nxf4 14. gxf4 Qh4+ 15. Kd2 Qxf4+ 16. Ne3 Nxe5 17. Bd6 Rd8 18. Bxe5 Qxe5 19. Ke2 d4 20. cxd4 Rxd4 21. Qc2 Re4 22. Qd2 Rxe3+ 23. Qxe3 Qxa1 24. Bg2 Qxa2+ 25. Kf3 Bd7 26. Kg3 Qxc4 27. Rc1 Qb5 28. Rc7 Bc6 29. Qf4 Rf8 30. Bh3 Qd3+ 31. Kh4 h6 32. Qe5 g5+ 33. Kh5 Bf3+ 34. Bg4 Qg6# 0-1


[Site "https://www.chess.com"]

[Event "Titled Tuesday Blitz March 14 Late 2023"]
[White "Saveliev, Alexei"]
[Black "Grycel, Kamil"]
[WhiteFideId "24128546"]
[BlackFideId "1115499"]
[WhiteElo "2271"]
[BlackElo "2471"]
[Result "1-0"]
[Round "07"]
[TimeControl "180+2"]
[Date "2023.03.14"]
[WhiteClock "0:00:59"]
[BlackClock "0:00:57"]

1. c4 b6 2. Nc3 Bb7 3. d4 e6 4. a3 Nf6 5. d5 Bd6 6. e4 Be5 7. Bd3 Bxc3+ 8. bxc3 e5 9. f4 d6 10. fxe5 dxe5 11. c5 bxc5 12. Rb1 Bc8 13. Nf3 Nbd7 14. O-O O-O 15. Bg5 h6 16. Bh4 Qe7 17. Bb5 Qd6 18. Qe2 a5 19. a4 Ba6 20. c4 Ra7 21. h3 Bc8 22. g4 Nh7 23. Bg3 Re8 24. Nh4 Qg6 25. Nxg6 1-0


[Site "https://www.chess.com"]

[Event "Titled Tuesday Blitz March 14 Late 2023"]
[White "Goncalves, Davi Sulzbacher"]
[Black "Cuenca Jimenez, Jose Fernando"]
[WhiteFideId "2154510"]
[BlackFideId "2255570"]
[WhiteElo "2182"]
[BlackElo "2429"]
[Result "1-0"]
[Round "07"]
[TimeControl "180+2"]
[Date "2023.03.14"]
[WhiteClock "0:00:42"]
[BlackClock "0:00:02"]

1. Nf3 Nf6 2. g3 g6 3. Bg2 Bg7 4. O-O O-O 5. d4 d6 6. c4 Nc6 7. Nc3 a6 8. b3 Rb8 9. Bb2 b5 10. cxb5 axb5 11. Rc1 b4 12. Na4 Na5 13. Qd2 Bd7 14. Rfd1 Bxa4 15. bxa4 Qd7 16. Qc2 Rfc8 17. e4 b3 18. axb3 Nxb3 19. Rb1 Qxa4 20. e5 Nd7 21. e6 fxe6 22. Ng5 Nf8 23. Bh3 Nc5 24. Qe2 h6 25. dxc5 hxg5 26. Bxe6+ Kh7 27. Bxc8 Rxc8 28. Qxe7 Ne6 29. Qxe6 Rg8 30. Bxg7 Rxg7 31. cxd6 cxd6 32. Qh3+ Kg8 33. Rb8+ Kf7 34. Rdb1 1-0


[Site "https://www.chess.com"]